 Dungeon Crawl Stone Soup version 0.31-a0-846-gb3bcc0d938 (webtiles) character file.

Game seed: 9258198537245030279

28520 Dirtsage the Slicer (level 13, -19/69 HPs)
             Began as a Vine Stalker Fighter on Oct 3, 2023.
             Was an Elder of Uskayaw.
             Killed from afar by a lindwurm (33 damage)
             ... with a blast of flame
             ... on level 5 of the Lair of Beasts.
             The game lasted 00:32:38 (12591 turns).

Dirtsage the Slicer (Vine Stalker Fighter)         Turns: 12591, Time: 00:32:39

Health: -19/69     AC: 14    Str: 24    XL:     13   Next: 39%
Magic:  0/21       EV: 11    Int:  8    God:    Uskayaw [****..]
Gold:   1082       SH:  6    Dex: 14    Spells: 12/12 levels left

rFire   . . .        u - +2 dagger (speed)
rCold   + . .        c - +0 buckler
rNeg    . . .        f - +0 chain mail
rPois   .            C - +1 helmet {SInv}
rElec   .            (no cloak)
rCorr   .            (no gloves)
SInv    +            x - +0 pair of boots
Will    +....        e - amulet of regeneration Stlth
                     I - ring of protection from cold
HPRegen 1.91/turn    (no ring)
MPRegen 0.17/turn

%: guardian spirit
@: no status effects
A: fangs 3, regeneration 1, magic shield, antimagic bite, no potion heal 2
a: Renounce Religion, Stomp, Line Pass


You were on level 5 of the Lair of Beasts.
You worshipped Uskayaw.
Uskayaw was aware of your devotion.
You visited 3 branches of the dungeon, and saw 16 of its levels.

You collected 1082 gold pieces.

Inventory:

Hand Weapons
 a - a +0 heavy rapier
 u - a +2 dagger of speed (weapon)
 Q - a +0 rapier of holy wrath
Missiles
 J - 4 boomerangs (quivered)
Armour
 c - a +0 buckler (worn)
 f - a +0 chain mail (worn)
 x - a +0 pair of boots (worn)
 C - a +1 helmet of see invisible (worn)
Jewellery
 e - an amulet of regeneration (around neck)
 g - a ring of fire
 F - a ring of ice
 H - a +6 ring of intelligence
 I - a ring of protection from cold (left hand)
Wands
 h - a wand of charming (14)
 B - a wand of flame (25)
 G - a wand of mindburst (27)
Scrolls
 i - 6 scrolls of identify
 j - 2 scrolls of poison
 k - 2 scrolls of revelation
 l - a scroll of silence
 o - 2 scrolls of amnesia
 r - 4 scrolls of enchant armour
 t - 5 scrolls of teleportation
 y - 6 scrolls of immolation {unknown}
 D - a scroll of fear {unknown}
 E - a scroll of blinking {unknown}
 N - a scroll of enchant weapon {unknown}
 P - 2 scrolls of vulnerability {unknown}
Potions
 b - 5 potions of mutation {unknown}
 d - 2 potions of might
 m - a potion of haste {unknown}
 n - a potion of lignification {unknown}
 p - a potion of cancellation {unknown}
 q - 5 potions of curing
 s - 5 potions of berserk rage {unknown}
 v - 2 potions of heal wounds {unknown}
 w - a potion of attraction {unknown}
 z - 3 potions of brilliance {unknown}
 A - 2 potions of magic {unknown}
 L - a potion of invisibility {unknown}
 M - a potion of enlightenment {unknown}
 O - 2 potions of ambrosia {unknown}
 R - a potion of degeneration {unknown}
Miscellaneous
 K - a tin of tremorstones (2/2)


   Skills:
 + Level 8.7 Fighting
 * Level 10.0 Short Blades
 + Level 7.9 Armour
 + Level 7.2 Dodging
 + Level 8.5 Shields
 * Level 9.4 Invocations


You had 12 spell levels left.
You didn't know any spells.
Your spell library contained the following spells:

 Spells                   Type           Power      Damage    Failure   Level
 Magic Dart               Conj           0%         1d3       93%         1
 Call Imp                 Summ           0%         N/A       98%         2
 Lesser Beckoning         Tloc           0%         N/A       98%         2
 Sublimation of Blood     Necr           0%         N/A       98%         2
 Gell's Gravitas          Tloc           0%         N/A       100%        3
 Inner Flame              Hex/Fire       0%         N/A       100%        3
 Mephitic Cloud           Conj/Pois/Air  0%         N/A       100%        3
 Ozocubu's Armour         Ice            0%         N/A       100%        3
 Teleport Other           Tloc           0%         N/A       100%        3
 Tukima's Dance           Hex            0%         N/A       100%        3
 Dimensional Bullseye     Hex/Tloc       0%         N/A       100%        4
 Flame Wave               Conj/Fire      0%         2d4       100%        4
 Iskenderun's Mystic Bla  Conj/Tloc      0%         2d3       100%        4
 Leda's Liquefaction      Hex/Erth       0%         N/A       100%        4
 Petrify                  Tmut/Erth      0%         N/A       100%        4
 Sticky Flame             Conj/Fire      0%         2d3       100%        4
 Summon Ice Beast         Ice/Summ       0%         N/A       100%        4
 Irradiate                Conj/Tmut      0%         3d11      100%        5
 Lee's Rapid Deconstruct  Erth           0%         3d4*      100%        5
 Metabolic Englaciation   Hex/Ice        0%         N/A       100%        5
 Summon Mana Viper        Hex/Summ       0%         N/A       100%        5
 Bombard                  Conj/Erth      0%         9d1       100%        6
 Dispersal                Tloc           0%         N/A       100%        6
 Simulacrum               Ice/Necr       0%         N/A       100%        6
 Haunt                    Necr/Summ      0%         N/A       100%        7
 Monstrous Menagerie      Summ           0%         N/A       100%        7
 Borgnjor's Revivificati  Necr           0%         N/A       100%        8
 Death's Door             Necr           0%         N/A       100%        9


Dungeon Overview and Level Annotations

Branches:
Dungeon (10/15)            Temple (1/1) D:6            Lair (5/5) D:10
  Swamp (0/4) Lair:2       Spider (0/4) Lair:3        Slime (0/5) Lair:4
    Orc (0/2) D:9

Altars:
Ashenzari
Cheibriados
Dithmenos
Elyvilon
Fedhas
Gozag
Kikubaaqudgha
Makhleb
Nemelex Xobeh
Okawaru
Qazlal
Ru
Sif Muna
Trog
Uskayaw
Vehumet
Wu Jian
Xom
Yredelemnul
Zin
The Shining One
Jiyva

Shops:
D:6 [   D:7 (   D:9 =

Portals:
Abyss: D:7
Trove: D:10 (give +4 storm dragon scales)

Annotations:
D:3 1 runed translucent door, Crazy Yiuf
D:7 2 transporters, zurenarrh's ghost, amateur FoFE
D:10 +4storm treasure trove


Innate Abilities, Weirdness & Mutations

You have razor-sharp teeth.
Your natural rate of healing is unusually fast.
When hurt, damage is shared between your health and your magic reserves.
Your bite disrupts and absorbs the magic of your enemies.
Potions cannot restore your health.


Message History

The eight-headed hydra bites you!
The eight-headed hydra barely misses you.
You take 9 damage, and have 39/69 hp.
You now have 14/21 mp.
You hit the eight-headed hydra.
The eight-headed hydra is severely wounded.
You hit the eight-headed hydra. You bite the eight-headed hydra!
You drain its power.
You feel invigorated.
The eight-headed hydra is almost dead.
Uskayaw will force your foes to helplessly watch your dance.
Uskayaw prepares the audience for your solo!
You regained 2 mp, and now have 17/21 mp.
The helpless eight-headed hydra fails to defend itself.
You impale the eight-headed hydra!!
You kill the eight-headed hydra!
The helpless komodo dragon fails to defend itself.
You impale the komodo dragon!!
The komodo dragon is severely wounded.
The helpless komodo dragon fails to defend itself.
You impale the komodo dragon!!
You kill the komodo dragon!
Uskayaw will force your foes to share their pain.
Aiming: Line Pass
Press: ? - help, Dir - move target
Okay, then.
You regained 2 hp, and now have 44/69 hp.
The lindwurm is no longer paralysed.
The lindwurm breathes flames at you. The blast of flame hits you!
You take 10 damage, and have 34/69 hp.
You now have 12/21 mp.
The lindwurm breathes flames at you. The blast of flame hits you!!
* * * LOW HITPOINT WARNING * * *
You take 23 damage, and have 11/69 hp.
MASSIVE DAMAGE!!
You now have 4/21 mp.
You regained 2 hp, and now have 13/69 hp.
You hit the lindwurm.
The lindwurm is lightly wounded.
The lindwurm breathes flames at you. The blast of flame hits you!!!
You die...

.. .......# ♣...#
#.......## ....
.#......P# ##..#
#.........
#...###.......##
##...#P#.........
#P.....#.........
#.......@k......
#..<..........#.
#.....†..........
..............P#..#.
..............(.$.P.
..............P#....
..................##
...................
..........?...P.


You could see a lindwurm (catching breath).

Vanquished Creatures
  A hydra (Lair:5)
  A two-headed ogre (D:10)
  3 boulder beetles
  A skyshark (Lair:3)
  3 bog bodies (Lair:2)
  4 elephants
  4 black mambas
  A torpor snail (Lair:2)
  Maggie (D:6)
  11 cane toads
  2 rime drakes
  8 komodo dragons
  A polar bear (Lair:3)
  4 dream sheep (Lair:4)
  Grinder (D:3)
  2 hornets
  6 blink frogs
  A wraith (D:9)
  Sigmund (D:3)
  18 yaks
  2 wyverns
  3 steam dragons
  26 water moccasins
  Duvessa (D:7)
  2 sky beasts
  A swamp drake (Lair:3)
  An orc warrior (D:6)
  6 black bears
  13 wolves
  A centaur (D:9)
  2 phantoms (D:7)
  3 kobold brigands
  13 bullfrogs
  A gnoll sergeant (D:7)
  2 necrophages (D:4)
  5 scorpions
  8 wights
  Dowan (D:7)
  11 killer bees
  5 howler monkeys
  2 electric eels
  A hound (D:5)
  A human zombie (D:4)
  2 orc priests
  2 iguanas
  A jelly (D:6)
  2 sleepcaps (D:5)
  Jessica (D:3)
  4 orc wizards
  Ijyb (D:2)
  Terence (D:2)
  3 mummies (D:4)
  7 gnolls
  23 adders
  2 shadow imps
  2 adder zombies (D:4)
  5 worms
  2 dart slugs
  17 orcs
  2 bats
  7 endoplasms
  4 giant cockroaches
  10 goblins
  7 hobgoblins
  3 jackals (D:5)
  20 kobolds
  6 quokkas
  7 ball pythons
  4 frilled lizards
  A quokka zombie (D:4)
  3 rats
334 creatures vanquished.

Vanquished Creatures (others)
  3 kobolds (D:10)
3 creatures vanquished.

Grand Total: 337 creatures vanquished

Notes
Turn   | Place    | Note
-------+----------+-------------------------------------------
     0 | D:1      | Dirtsage the Vine Stalker Fighter began the quest for the
                  | Orb.
     0 | D:1      | Reached XP level 1. HP: 11/11 MP: 2/2
    55 | D:1      | Reached skill level 2 in Short Blades
   252 | D:1      | Reached XP level 2. HP: 16/16 MP: 3/3
   561 | D:2      | Noticed Terence
   572 | D:2      | Killed Terence
   573 | D:2      | Reached skill level 3 in Short Blades
   573 | D:2      | Reached XP level 3. HP: 14/19 MP: 4/4
   689 | D:2      | Reached XP level 4. HP: 23/23 MP: 5/5
   760 | D:2      | Reached skill level 4 in Short Blades
  1078 | D:2      | Found a faded altar of an unknown god.
  1335 | D:3      | Noticed Sigmund
  1354 | D:3      | Killed Sigmund
  1355 | D:3      | Reached skill level 5 in Short Blades
  1355 | D:3      | Reached XP level 5. HP: 27/27 MP: 6/6
  1355 | D:3      | Reached XP level 6. HP: 32/32 MP: 7/7
  1366 | D:3      | Noticed Ijyb
  1368 | D:3      | Noticed Grinder
  1418 | D:2      | Killed Ijyb
  1430 | D:3      | Paralysed by Grinder for 2 turns
  1464 | D:3      | Killed Grinder
  1465 | D:3      | Reached skill level 6 in Short Blades
  1465 | D:3      | Reached XP level 7. HP: 30/35 MP: 8/8
  1507 | D:3      | Found a runed translucent door.
  1508 | D:3      | Noticed Crazy Yiuf
  1642 | D:3      | Noticed Jessica
  1646 | D:3      | Killed Jessica
  2060 | D:4      | Reached skill level 7 in Short Blades
  2333 | D:4      | Found a white marble altar of Elyvilon.
  2401 | D:4      | Found a basalt altar of Yredelemnul.
  2449 | D:4      | Gained mutation: You have razor-sharp teeth. [Vine Stalker
                  | growth]
  2449 | D:4      | Reached XP level 8. HP: 16/33 MP: 0/9
  2756 | D:4      | Reached skill level 1 in Dodging
  2787 | D:4      | Reached skill level 8 in Short Blades
  2851 | D:5      | Entered Level 5 of the Dungeon
  3078 | D:5      | Found an ancient bone altar of Kikubaaqudgha.
  3232 | D:6      | Noticed Maggie
  3283 | D:6      | Killed Maggie
  3287 | D:6      | Reached XP level 9. HP: 35/45 MP: 10/10
  3352 | D:5      | Found a large runed translucent door.
  3352 | D:5      | Found a large runed translucent door.
  3356 | D:5      | Found a shimmering altar of Xom.
  4035 | D:6      | Found a sacrificial altar of Ru.
  4067 | D:6      | Found a snail-covered altar of Cheibriados.
  4136 | D:6      | Found a hide-covered altar of Uskayaw.
  4155 | D:6      | Became a worshipper of Uskayaw the Reveller
  4180 | D:6      | Found a staircase to the Ecumenical Temple.
  4292 | D:6      | Reached * piety under Uskayaw
  4304 | D:6      | Reached ** piety under Uskayaw
  4309 | D:6      | Reached skill level 9 in Short Blades
  4315 | D:6      | Reached *** piety under Uskayaw
  4428 | D:6      | Found Wacaar's Antique Armour Boutique.
  4603 | Temple   | Entered the Ecumenical Temple
  4718 | D:7      | Found a sparkling altar of Nemelex Xobeh.
  4758 | D:7      | Found a transporter.
  4769 | D:7      | Noticed a wizard
  4772 | D:7      | Noticed a red ugly thing
  4773 | D:7      | Noticed a cyan ugly thing
  4786 | D:7      | Found a transporter.
  4800 | D:7      | Found Ocsiotoss's Antique Weapon Shoppe.
  4885 | D:7      | Reached skill level 1 in Invocations
  4979 | D:7      | Reached **** piety under Uskayaw
  5335 | D:7      | Found a one-way gate to the infinite horrors of the Abyss.
  5335 | D:7      | Noticed zurenarrh's ghost (amateur FoFE)
  5365 | D:7      | Found a shadowy altar of Dithmenos.
  5555 | D:7      | Noticed Dowan
  5555 | D:7      | Noticed Duvessa
  5575 | D:7      | Killed Duvessa
  5577 | D:7      | Killed Dowan
  5702 | D:8      | Reached ***** piety under Uskayaw
  5892 | D:8      | Reached skill level 5 in Fighting
  5892 | D:8      | Reached XP level 10. HP: 51/51 MP: 12/12
  6761 | D:9      | Reached skill level 5 in Shields
  6802 | D:9      | Found Eruc's Jewellery Boutique.
  6871 | D:9      | Found a staircase to the Orcish Mines.
  7252 | D:10     | Entered Level 10 of the Dungeon
  7257 | D:10     | Found a staircase to the Lair.
  7257 | D:10     | Noticed an elephant
  7300 | D:10     | Killed an elephant
  7301 | D:10     | Reached skill level 10 in Short Blades
  7322 | D:10     | Reached ****** piety under Uskayaw
  7347 | D:10     | Found a shimmering altar of Xom.
  7359 | D:10     | Reached skill level 5 in Armour
  7443 | D:10     | Noticed a two-headed ogre
  7490 | D:10     | Killed a two-headed ogre
  7707 | D:10     | Reached XP level 11. HP: 46/56 MP: 15/15
  7886 | D:10     | Found a portal to a secret trove of treasure.
  8084 | Lair:1   | Entered Level 1 of the Lair of Beasts
  8525 | Lair:1   | Reached skill level 5 in Invocations
  8583 | Lair:1   | Reached skill level 5 in Dodging
  9576 | Lair:2   | Noticed a bog body
  9587 | Lair:2   | Killed a bog body
  9597 | Lair:2   | Noticed a bog body
  9610 | Lair:2   | Killed a bog body
  9622 | Lair:2   | Noticed a bog body
  9625 | Lair:2   | Found a staircase to the Swamp.
  9633 | Lair:2   | Killed a bog body
  9634 | Lair:2   | Reached XP level 12. HP: 32/63 MP: 12/17
  9728 | Lair:2   | Found a hide-covered altar of Uskayaw.
  9728 | Lair:2   | Found an ornate altar of the Wu Jian Council.
  9728 | Lair:2   | Noticed a boulder beetle
  9757 | Lair:2   | Killed a boulder beetle
 10058 | Lair:3   | Noticed a skyshark
 10093 | Lair:3   | HP: 3/63 [skyshark (13)]
 10094 | Lair:3   | Killed a skyshark
 10588 | Lair:3   | Found a hole to the Spider Nest.
 10590 | Lair:3   | Noticed a boulder beetle
 10645 | Lair:3   | Killed a boulder beetle
 11403 | Lair:4   | Reached XP level 13. HP: 52/68 MP: 18/20
 12061 | Lair:4   | Found a viscous altar of Jiyva.
 12061 | Lair:4   | Found a staircase to the Slime Pits.
 12571 | Lair:5   | Entered Level 5 of the Lair of Beasts
 12591 | Lair:5   | Killed from afar by a lindwurm

Illustrated notes

Levels and vault maps discovered:
D:1:      dpeg_arrival_round_c, layout_basic
D:2:      layout_basic, shapermc_ecumenical_altar_ellora,
          guppyfry_early_orc_mine, uniq_terence
D:3:      layout_rooms, minivault_11, uniq_ijyb, uniq_jessica,
          uniq_crazy_yiuf_cottage, uniq_grinder, uniq_sigmund
D:4:      layout_rooms, mainiacjoe_overflow_six_doors_small,
          lemuel_mausoleum_altar_yredelemnul
D:5:      due_chaos_kobolds, layout_basic, nicolae_kikubaaqudgha_miasma_corner,
          minmay_misc_feat_hallway, nicolae_titane
D:6:      layout_loops_ring, nicolae_ru_awakened_eye,
          nicolae_overflow_hidden_temple, eat_drink_and_be_merry_uskayaw,
          amcnicky_altar_gilded, minmay_temple_entry_glassed_door, serial_shops,
          shop_statue, uniq_maggie
D:7:      layout_basic, nemelex_spade_bored_becter, grunt_dithmenos_smoke,
          serial_shops, shop, gammafunk_ghost_abyssal_escape, uniq_duvessa
D:8:      layout_basic
D:9:      layout_loops_ring, orc_0_dummy, serial_shops, shop
D:10:     layout_rooms, mainiacjoe_overflow_alcove_2, david_lair_generic,
          nicolae_trove_entry_crossroad, st_stairs_11
Temple:   nicolae_temple_bog_church
Lair:1:   layout_gridlike, chequers_serial_rivers_micro_a, serial_bayou_shore_a
Lair:2:   layout_regular_city, nicolae_swamp_entry_splash_gauntlet,
          nzn_masters_of_martial_movement, infiniplex_staircase_pool_2,
          lemuel_fruit_tree
Lair:3:   lemuel_reptile_caves, layout_misc_corridors,
          nicolae_spider_entry_non_spiders
Lair:4:   layout_regular_city, slime_entry_1
Lair:5:   minmay_lair_end_enchanted_forest, layout_long_grid, fungi_pond_lemuel

Skill      XL: |  1  2  3  4  5  6  7  8  9 10 11 12 13 |
---------------+----------------------------------------+-----
Short Blades   | 2 3 5 6 7 8 9 10 | 10.0
Fighting       | 3 5 6 7 8 |  8.7
Shields        | 3 4 5 7 8 |  8.5
Dodging        | 2 3 4 5 6 7 |  7.2
Armour         | 3 4 5 6 7 |  7.9
Invocations    | 2 4 6 8 9 |  9.4

Action                     |  1- 3 |  4- 6 |  7- 9 | 10-12 | 13-15 || total
---------------------------+-------+-------+-------+-------+-------++-------
  Melee: Rapier            |    68 |    41 |       |       |       ||   109
         Bite              |    11 |    42 |   201 |   386 |   140 ||   780
         Dagger            |       |   100 |   639 |  1106 |   282 ||  2127
  Throw: Boomerang         |       |       |       |     7 |     9 ||    16
 Invoke: Line Pass         |       |       |       |     6 |     6 ||    12
         Stomp             |       |       |       |     2 |     3 ||     5
    Use: Potion            |       |     1 |       |     3 |       ||     4
         Scroll            |       |       |     8 |       |       ||     8
   Stab: Paralysed         |       |       |    12 |    48 |    12 ||    72
         Confused          |       |       |       |     2 |     3 ||     5
 Armour: Chain mail        |    43 |    67 |   233 |   492 |   111 ||   946
  Dodge: Dodged            |    15 |    24 |    92 |   254 |    50 ||   435
  Block: Buckler           |    27 |    16 |    49 |   152 |    38 ||   282

Table legend: (Time is in decaauts)
 A = Elapsed time spent in this place.
 B = Non-inter-level travel time spent in this place.
 C = Inter-level travel time spent in this place.
 D = Time resting spent in this place.
 E = Time spent auto-exploring this place.
 F = Levels seen in this place.
 G = Mean time per level.
                   A        B        C        D        E       F      G
               +--------+--------+--------+--------+--------+-----+--------+
         Total |  11341 |  10810 |    531 |    105 |   8709 |  16 |  708.8 |
       Dungeon |   7501 |   7063 |    438 |    105 |   5724 |  10 |  750.1 |
        Temple |      1 |      1 |      0 |      0 |      0 |   1 |    1.0 |
          Lair |   3838 |   3745 |     93 |      0 |   2984 |   5 |  767.6 |
               +--------+--------+--------+--------+--------+-----+--------+

Top non-repeatable levels by time:
  Lair:3: 1137 daAuts
  Lair:4: 1006 daAuts
     D:7: 925 daAuts
  Lair:2: 886 daAuts
     D:8: 869 daAuts
     D:6: 835 daAuts
     D:5: 831 daAuts
     D:2: 800 daAuts
  Lair:1: 793 daAuts
    D:10: 704 daAuts
     D:4: 700 daAuts
     D:9: 645 daAuts
     D:3: 627 daAuts
     D:1: 561 daAuts
  Lair:5: 13 daAuts
